 Dungeon Crawl Stone Soup version 0.29.1-1-gd02db6906a (webtiles) character file.

Game seed: 18439723278837423154

1253 Baraka the Sneak (level 8, 0/66 HPs)
             Began as a Purple Draconian Brigand on Sept 15, 2022.
             Was a Priest of Nemelex Xobeh.
             Killed by divine providence
             ... invoked by an orc priest
              (13 damage)
             ... on level 6 of the Dungeon.
             The game lasted 00:28:58 (5036 turns).

Baraka the Sneak (Purple Draconian Brigand)         Turns: 5036, Time: 00:28:58

Health: 0/66       AC:  7    Str: 15    XL:     8   Next: 26%
Magic:  11/11      EV: 13    Int:  9    God:    Nemelex Xobeh [***...]
Gold:   167        SH:  0    Dex: 14    Spells: 7/11 levels left

rFire   . . .      SeeInvis .   p - +1 dagger (venom)
rCold   . . .      Faith    .   (no shield)
rNeg    . . .      Spirit   .   (body armour unavailable)
rPois   .          Reflect  .   (helmet restricted)
rElec   .          Harm     .   b - +0 cloak
rCorr   .          Rampage  .   (no gloves)
Will    +....      Clarity  +   (no boots)
Stlth   +++.......              (no amulet)
HPRegen 0.21/turn               (no ring)
MPRegen 0.12/turn               (no ring)

@: brilliant, about to teleport, short of breath
A: breathe power, AC +6, unfitting armour, cold-blooded, clarity, dopey 1,
screaming 1, noise suppression
a: Breathe Dispelling Energy, Renounce Religion, Draw Escape, Draw Destruction,
Draw Summoning, Triple Draw


You were on level 6 of the Dungeon.
You worshipped Nemelex Xobeh.
Nemelex Xobeh was most pleased with you.
You visited 1 branch of the dungeon, and saw 7 of its levels.

You collected 292 gold pieces.
You spent 125 gold pieces at shops.

Inventory:

Hand Weapons
 p - a +1 dagger of venom (weapon)
Missiles
 d - 3 curare-tipped darts
 g - 8 boomerangs (quivered)
Armour
 b - a +0 cloak (worn)
Wands
 c - a wand of paralysis (9)
Scrolls
 i - 2 scrolls of vulnerability
 j - 2 scrolls of enchant armour
 k - 2 scrolls of butterflies
 m - a scroll of magic mapping
 s - a scroll of blinking
 u - a scroll of identify
Potions
 a - a potion of invisibility {unknown}
 e - 3 potions of flight
 f - 2 potions of curing {unknown}
 h - a potion of attraction
 l - 2 potions of mutation
 n - 2 potions of brilliance
 o - a potion of might
 q - 2 potions of degeneration {unknown}
 r - a potion of ambrosia {unknown}


   Skills:
 * Level 3.8 Fighting
 * Level 3.4 Short Blades
 * Level 4.0 Throwing
 * Level 3.0 Dodging
 * Level 5.9 Stealth
 * Level 2.3 Spellcasting
 * Level 2.3 Conjurations
 * Level 0.2 Hexes
 * Level 0.1 Fire Magic
 * Level 2.2 Air Magic
 * Level 2.7 Invocations
 * Level 1.4 Evocations


You had 7 spell levels left.
You knew the following spells:

 Your Spells              Type           Power      Damage    Failure   Level
a - Shock                 Conj/Air       28%        1d4       13%         1
b - Inner Flame           Hex/Fire       2%         N/A       65%         3

Your spell library contained the following spells:

 Spells                   Type           Power      Damage    Failure   Level
 Swiftness                Air            7%         N/A       36%         3
 Airstrike                Air            3%         2d(1-17)  77%         4
 Cause Fear               Hex            1%         N/A       96%         4
 Freezing Cloud           Conj/Ice/Air   2%         6-21      99%         5
 Starburst                Conj/Fire      2%         6d3       100%        6
 Discord                  Hex            1%         N/A       100%        8
 Fire Storm               Conj/Fire      2%         8d1       100%        9


Dungeon Overview and Level Annotations

Branches:
Dungeon (7/15)             Temple (0/1) D:4

Altars:
Dithmenos
Elyvilon
Gozag
Kikubaaqudgha
Nemelex Xobeh
Qazlal

Shops:
D:7 *


Innate Abilities, Weirdness & Mutations

You can breathe bolts of dispelling energy.
Your rich purple scales are hard. (AC +6)
You cannot fit into any form of body armour.
You are cold-blooded and may be slowed by cold attacks.
You possess an exceptional clarity of mind.
You are dopey. (Int -2)
You occasionally shout uncontrollably at your foes.
You passively dampen the noise of your surroundings.


Message History

The orc shouts!
The orc priest invokes the aid of Beogh against you.
Beogh smites you!
The orc shouts!
The orc priest shouts!
The orc priest invokes the aid of Beogh against you.
Beogh smites you!
There is an open door here.
The orc attacks as you move away! The orc closely misses you.
The orc priest mumbles some strange prayers to Beogh against you.
Beogh smites you! The orc attacks as you move away!
The orc hits you with a +0 flail.
It was a potion of brilliance.
You feel clever all of a sudden. The orc hits you but does no damage.
Okay, then.
Casting: Shock (safe; 11% risk of failure)
Confirm with . or Enter, or press ? or * to list all spells.
Okay, then.
It was a potion of mutation.
You feel extremely strange.
You feel your surroundings grow quieter.
You feel stupid.
You feel the urge to shout.
Your thoughts seem clearer.
Aiming: Breathe Dispelling Energy (4% risk of failure)
Press: ? - help, Shift-Dir - straight line, f - orc
Aim: an orc, wielding a +0 short sword (53% to hit)
You breathe a bolt of dispelling energy.
The bolt of dispelling energy misses the orc. x2
The bolt of dispelling energy hits the orc priest!
The orc priest is severely wounded.
The orc barely misses you. x2
Okay, then.
As you read the scroll of teleportation, it crumbles to dust.
You feel strangely unstable. The orc hits you but does no damage.
The orc priest mumbles some strange prayers to Beogh against you.
Beogh smites you!
* * * LOW HITPOINT WARNING * * *
The orc misses you.
The orc priest calls down the wrath of Beogh upon you.
Beogh smites you!
You die...
Your body glows with a rainbow of weird colours and disappears.

##..........
#...........
#...........
........... ...o......
#######$...?....
#§§≈≈≈#.........
###§§.o≈#o........
#.§..@.ooo....##..
#.#≈§..≈#######
#.#≈≈§≈≈#.##
#.#######..###########
#..###................
##........#########...
########## #... #...
#...


You could see 2 orc priests and 3 orcs.

Vanquished Creatures
  Sigmund (D:4)
  Eustachio (D:4)
  A black bear (D:4)
  A kobold brigand (D:7)
  A bullfrog (D:6)
  2 necrophages
  A howler monkey (D:5)
  A jelly (D:5)
  5 hounds
  An orc priest (D:5)
  2 iguanas
  An orc wizard (D:4)
  4 gnolls (D:4)
  6 adders
  An ufetubus (D:4)
  A worm (D:3)
  3 dart slugs
  11 orcs
  5 ball pythons
  7 endoplasms
  5 giant cockroaches
  11 goblins
  4 hobgoblins
  4 jackals (D:4)
  2 quokkas
  7 bats
  4 frilled lizards
  8 kobolds
  2 rats
103 creatures vanquished.

Vanquished Creatures (collateral kills)
  An ogre (D:3)
1 creature vanquished.

Vanquished Creatures (others)
  A human (D:3)
  17 fungi (D:5)
  2 plants (D:6)
20 creatures vanquished.

Grand Total: 124 creatures vanquished

Notes
Turn   | Place    | Note
-------+----------+-------------------------------------------
     0 | D:1      | Baraka the Draconian Brigand began the quest for the Orb.
     0 | D:1      | Reached XP level 1. HP: 17/17 MP: 1/1
   296 | D:1      | Reached skill level 1 in Dodging
   379 | D:1      | Reached XP level 2. HP: 21/24 MP: 2/2
   438 | D:1      | Reached skill level 4 in Stealth
   472 | D:1      | Found a faded altar of an unknown god.
   479 | D:1      | Prayed at the altar of an unknown god.
   479 | D:1      | Became a worshipper of Nemelex Xobeh the Trickster
   479 | D:1      | Reached * piety under Nemelex Xobeh
   926 | D:2      | Received a gift from Nemelex Xobeh
  1023 | D:2      | Reached XP level 3. HP: 24/30 MP: 3/3
  1046 | D:2      | Learned a level 1 spell: Shock
  1654 | D:3      | Reached ** piety under Nemelex Xobeh
  1984 | D:3      | Reached XP level 4. HP: 35/37 MP: 2/4
  2232 | D:3      | Noticed an ogre
  2239 | D:3      | Killed an ogre
  2240 | D:3      | Reached skill level 1 in Invocations
  2240 | D:3      | Reached XP level 5. HP: 22/44 MP: 4/6
  2395 | D:3      | Found an ancient bone altar of Kikubaaqudgha.
  2396 | D:3      | Noticed a human
  2398 | D:3      | Killed a human
  2621 | D:4      | Reached skill level 5 in Stealth
  2621 | D:4      | Reached skill level 1 in Conjurations
  2621 | D:4      | Reached skill level 1 in Air Magic
  2718 | D:4      | Noticed Eustachio
  2722 | D:4      | Reached skill level 1 in Spellcasting
  2722 | D:4      | Reached XP level 6. HP: 33/50 MP: 3/7
  2732 | D:4      | Killed Eustachio
  3156 | D:4      | Noticed Sigmund
  3180 | D:4      | Killed Sigmund
  3181 | D:4      | Your scales start taking on a rich purple colour.
  3181 | D:4      | Reached XP level 7. HP: 57/57 MP: 7/9
  3403 | D:4      | Found a staircase to the Ecumenical Temple.
  3410 | D:4      | Reached *** piety under Nemelex Xobeh
  3483 | D:4      | Got the Papyrus of Embers and the Storm
  3913 | D:5      | Entered Level 5 of the Dungeon
  3981 | D:5      | Found a shadowy altar of Dithmenos.
  3990 | D:5      | Received a gift from Nemelex Xobeh
  4038 | D:5      | Reached skill level 1 in Evocations
  4077 | D:5      | Reached XP level 8. HP: 33/65 MP: 11/11
  4357 | D:5      | Found an opulent altar of Gozag.
  4357 | D:5      | Found a white marble altar of Elyvilon.
  4506 | D:5      | You fall into a shaft and drop 2 floors!
  4859 | D:7      | Learned a level 3 spell: Inner Flame
  4866 | D:7      | Found Meetopn's Assorted Antiques.
  4876 | D:7      | Bought a scroll of identify for 50 gold pieces
  4876 | D:7      | Bought a scroll labelled LIQ QUBEINTUAWU for 25 gold pieces
  4876 | D:7      | Bought a scroll of identify for 50 gold pieces
  5016 | D:6      | Found a stormy altar of Qazlal.
  5033 | D:6      | Gained mutation: You passively dampen the noise of your
                  | surroundings. [potion of mutation]
  5033 | D:6      | Gained mutation: You are dopey. (Int -2) [potion of
                  | mutation]
  5033 | D:6      | Gained mutation: You occasionally shout uncontrollably at
                  | your foes. [potion of mutation]
  5033 | D:6      | Gained mutation: You possess an exceptional clarity of
                  | mind. [potion of mutation]
  5036 | D:6      | Killed from afar by an orc priest

Illustrated notes

Levels and vault maps discovered:
D:1:      matt_arrival_los_fun, layout_loops_ring,
          dilly_ecumenical_altar_fadedgnrine, hangedman_abyss_or_decor_stabs
D:2:      layout_basic
D:3:      layout_basic, tgw_kikubaaqudgha
D:4:      nicolae_cairo_tiling, layout_basic, minmay_temple_entry_butterflies,
          kennysheep_nondescript, minmay_ruptured, uniq_eustachio, uniq_sigmund,
          uniq_menkaure
D:5:      kennysheep_steamy, layout_basic, lemuel_tele_altar,
          nicolae_overflow_two_pavilions
D:6:      layout_rooms, kennysheep_little_box, serial_bayou_crossing
D:7:      layout_loops_ring, serial_shops, shop, nicolae_stop_n_shop_2,
          nicolae_square_shop, nicolae_square_shop, grunt_ministairs_4

Skill      XL: |  1  2  3  4  5  6  7  8 |
---------------+-------------------------+-----
Dodging        | 1 2 3 |  3.0
Stealth        | 4 5 |  5.9
Throwing       | 2 3 4 |  4.0
Invocations    | 1 2 |  2.7
Conjurations   | 1 2 |  2.3
Air Magic      | 1 2 |  2.2
Spellcasting   | 1 2 |  2.3
Fighting       | 3 |  3.8
Short Blades   | 3 |  3.4
Evocations     | 1 |  1.4
Hexes          | |  0.2
Fire Magic     | |  0.1

Action                   |  1- 3 |  4- 6 |  7- 9 || total
-------------------------+-------+-------+-------++-------
Melee: Dagger            |    57 |    52 |    69 ||   178
       Tailslap          |     5 |    10 |    14 ||    29
       Punch             |       |     1 |       ||     1
Throw: Dart              |    11 |     5 |       ||    16
       Boomerang         |    16 |    11 |    44 ||    71
 Cast: Shock             |     6 |     3 |       ||     9
Invok: Draw Destruction  |     2 |     6 |     4 ||    12
       Draw Summoning    |       |     1 |       ||     1
       Draw Escape       |       |       |     2 ||     2
 Abil: Breathe Dispellin |       |       |    16 ||    16
Evoke: Wand              |       |       |     7 ||     7
  Use: Scroll            |     2 |     4 |     3 ||     9
       Potion            |       |       |     5 ||     5
 Stab: Sleeping          |    10 |     3 |     1 ||    14
       Paralysed         |       |       |     1 ||     1
Armor: Skin              |    18 |    29 |    51 ||    98
Dodge: Dodged            |    40 |    65 |    87 ||   192
